 Dungeon Crawl Stone Soup version 0.30-a0-778-g2ef04afb54 (webtiles) character file.

Game seed: 16840035547975168835

42 Leeroy the Slasher (level 3, -4/18 HPs)
             Began as a Vine Stalker Warper on Feb 16, 2023.
             Slain by a gnoll
             ... wielding a +0 flail
              (7 damage)
             ... on level 2 of the Dungeon.
             The game lasted 00:01:04 (911 turns).

Leeroy the Slasher (Vine Stalker Warper)             Turns: 911, Time: 00:01:04

Health: -4/18      AC:  4    Str: 13    XL:     3   Next: 54%
Magic:  0/7        EV: 11    Int: 13    God:
Gold:   66         SH:  0    Dex: 15    Spells: 6/6 levels left

rFire   . . .      SeeInvis .    a - +0 falchion
rCold   . . .      Faith    .    (no shield)
rNeg    . . .      Spirit   +    b - +0 leather armour
rPois   .          Reflect  .    h - +0 helmet
rElec   .          Harm     .    (no cloak)
rCorr   .          Rampage  .    (no gloves)
Will    .....                    (no boots)
Stlth   +                        (no amulet)
HPRegen 0.23/turn                (no ring)
MPRegen 0.10/turn                (no ring)

@: no status effects
A: fangs 2, magic shield, antimagic bite, no potion heal 2
a: no special abilities


You were on level 2 of the Dungeon.
You visited 1 branch of the dungeon, and saw 2 of its levels.

You collected 66 gold pieces.

Inventory:

Hand Weapons
 a - a +0 falchion (weapon)
Missiles
 d - 7 boomerangs of dispersal (quivered)
 g - a throwing net
Armour
 b - a +0 leather armour (worn)
 h - a +0 helmet (worn)
Scrolls
 c - a scroll of blinking
 e - 4 scrolls of teleportation {unknown}
 f - 2 scrolls of identify {unknown}
 i - a scroll of vulnerability {unknown}
Potions
 j - a potion of brilliance {unknown}
 k - a potion of magic {unknown}


   Skills:
 - Level 1.7 Fighting
 + Level 3.4 Long Blades
 - Level 0.8 Throwing
 - Level 0.7 Armour
 - Level 1.5 Dodging
 - Level 2.1 Spellcasting
 - Level 3.0 Translocations


You had 6 spell levels left.
You didn't know any spells.
Your spell library contained the following spells:

 Spells                   Type           Power      Damage    Failure   Level
 Blink                    Tloc           18%        N/A       14%         2
 Lesser Beckoning         Tloc           18%        N/A       14%         2
 Teleport Other           Tloc           9%         N/A       28%         3
 Vhi's Electric Charge    Tloc/Air       10%        N/A       45%         3
 Summon Guardian Golem    Hex/Summ       1%         N/A       67%         3
 Manifold Assault         Tloc           9%         N/A       67%         4
 Orb of Destruction       Conj           0%         9d5       100%        7
 Spellforged Servitor     Conj/Summ      0%         N/A       100%        7


Dungeon Overview and Level Annotations

Branches:
Dungeon (2/15)

Altars:
Sif Muna


Innate Abilities, Weirdness & Mutations

You have extremely sharp teeth.
When hurt, damage is shared between your health and your magic reserves.
Your bite disrupts and absorbs the magic of your enemies.
Potions cannot restore your health.


Message History

You see here a +0 trident.
No target in view!
Okay, then.
A goblin comes into view. It is wielding a +0 club.
A goblin is nearby!
A goblin is nearby!
The goblin shouts!
You hear a shout!
The goblin unwields a +0 club.
The goblin wields a +0 sling.
The goblin shoots a sling bullet.
The sling bullet hits you but does no damage.
A gnoll comes into view. It is wielding a +0 flail.
The gnoll shouts!
The goblin shoots a sling bullet.
The sling bullet hits you.
You hear a shout!
A gnoll comes into view. It is wielding a +0 flail.
The gnoll shouts!
The goblin shoots a sling bullet.
The sling bullet closely misses you.
The goblin unwields a +0 sling.
The goblin wields a +0 club.
The goblin hits you but does no damage.
You miss the goblin. You bite the goblin. You drain its power.
The goblin is moderately wounded.
The goblin closely misses you.
You slash the goblin!
You kill the goblin!
The gnoll hits you with a +0 flail. The gnoll hits you with a +0 flail!
You are too injured to fight recklessly!
You are too injured to fight recklessly!
You are too injured to fight recklessly!
You are too injured to fight recklessly!
You are too injured to fight recklessly!
You hit the gnoll. You bite the gnoll. You drain its power.
You feel invigorated.
The gnoll is severely wounded.
The gnoll hits you with a +0 flail!
* * * LOW HITPOINT WARNING * * *
The gnoll barely misses you.
You closely miss the gnoll. You bite the gnoll, but do no damage.
The gnoll is severely wounded.
The gnoll hits you with a +0 flail!
You die...

.#.. #..........#
.... #..........#
.## #....).....#
#######.######..
................
#######.######..
..#########..#
......g......#####..
..^...g@............
.###################


You could see 2 gnolls.

Vanquished Creatures
  2 dart slugs (D:1)
  An endoplasm (D:1)
  A giant cockroach (D:2)
  5 goblins
  5 hobgoblins (D:1)
  A jackal (D:1)
  6 kobolds
  4 quokkas
  4 bats
  2 frilled lizards
  3 rats
34 creatures vanquished.

Notes
Turn   | Place    | Note
-------+----------+-------------------------------------------
     0 | D:1      | Leeroy the Vine Stalker Warper began the quest for the Orb.
     0 | D:1      | Reached XP level 1. HP: 11/11 MP: 4/4
    62 | D:1      | Reached XP level 2. HP: 10/15 MP: 3/6
   475 | D:1      | Reached XP level 3. HP: 18/18 MP: 7/7
   762 | D:2      | Found a shimmering blue altar of Sif Muna.
   911 | D:2      | Slain by a gnoll

Illustrated notes

Levels and vault maps discovered:
D:1:      eino_arrival_water_cross, layout_basic,
          nicolae_concentric_dashed_squares_mild, grunt_decor_one_mirror,
          minmay_curled_crystal, minmay_unequal
D:2:      layout_rooms, basic_altar

Skill      XL: |  1  2 |
---------------+-------+-----
Long Blades    | 2 3 |  3.4
Fighting       | |  1.7
Throwing       | |  0.8
Armour         | |  0.7
Dodging        | |  1.5
Spellcasting   | |  2.1
Translocations | |  3.0

Action                     || total
---------------------------++-------
  Melee: Falchion          ||    97
         Bite              ||    25
    Use: Scroll            ||     1
   Stab: Sleeping          ||     1
 Armour: Leather armour    ||    41
  Dodge: Dodged            ||    58

Table legend: (Time is in decaauts)
 A = Elapsed time spent in this place.
 B = Non-inter-level travel time spent in this place.
 C = Inter-level travel time spent in this place.
 D = Time resting spent in this place.
 E = Time spent auto-exploring this place.
 F = Levels seen in this place.
 G = Mean time per level.
                   A        B        C        D        E       F      G
               +--------+--------+--------+--------+--------+-----+--------+
         Total |    926 |    926 |      0 |      0 |    668 |   2 |  463.0 |
       Dungeon |    926 |    926 |      0 |      0 |    668 |   2 |  463.0 |
               +--------+--------+--------+--------+--------+-----+--------+

Top non-repeatable levels by time:
     D:1: 729 daAuts
     D:2: 197 daAuts
